 Dungeon Crawl Stone Soup version 0.32-a0-450-g080537f31e (webtiles) character file.

Game seed: 7012941284968665294

41 Dittersdorf the Shield-Bearer (level 3, -8/24 HPs)
             Began as a Gargoyle Fighter on Feb 23, 2024.
             Mangled by Terence
             ... wielding a +2 heavy flail
              (9 damage)
             ... on level 2 of the Dungeon.
             The game lasted 00:00:57 (1204 turns).

Dittersdorf the Shield-Bearer (Gargoyle Fighter)    Turns: 1204, Time: 00:00:58

Health: -8/24      AC: 10    Str: 21    XL:     3   Next: 52%
Magic:  3/3        EV:  9    Int:  8    God:
Gold:   111        SH:  4    Dex:  9    Spells: 2/2 levels left

rFire   . . .        a - +0 flail
rCold   . . .        c - +0 buckler
rNeg    + . .        b - +0 scale mail
rPois   ∞            (no helmet)
rElec   +            (no cloak)
rCorr   .            (no gloves)
SInv    .            (no boots)
Will    .....        (no amulet) Stlth
                     f - +4 ring of slaying
HPRegen 0.24/turn    (no ring)
MPRegen 0.08/turn

%: no passive effects
@: no status effects
A: sickness immunity, AC +3, negative energy resistance 1, electricity
resistance, torment resistance 1, petrification resistance
a: no special abilities


You were on level 2 of the Dungeon.
You visited 1 branch of the dungeon, and saw 2 of its levels.

You collected 111 gold pieces.

Inventory:

Hand Weapons
 a - a +0 flail (weapon)
Armour
 b - a +0 scale mail (worn)
 c - a +0 buckler (worn)
Jewellery
 f - a +4 ring of slaying (left hand)
 j - an amulet of reflection
Scrolls
 e - a scroll of vulnerability {unknown}
 g - a scroll of fog {unknown}
 h - a scroll of brand weapon {unknown}
 i - a scroll of poison {unknown}
 k - 2 scrolls of immolation {unknown}
Potions
 d - a potion of might


   Skills:
 + Level 3.7 Fighting
 + Level 2.5 Maces & Flails
 + Level 3.7 Armour
 + Level 3.7 Shields


You had 2 spell levels left.
You didn't know any spells.
Your spell library contained the following spells:

 Spells                   Type           Power      Damage    Failure   Level
 Sting                    Conj/Alch      0%         1d3       82%         1
 Mercury Vapours          Alch/Air       0%         N/A       91%         2
 Olgreb's Toxic Radiance  Alch           0%         N/A       100%        4


Dungeon Overview and Level Annotations

Branches:
Dungeon (2/15)

Altars:

Annotations:
D:2 Terence


Innate Abilities, Weirdness & Mutations

You are immune to sickness and miasma.
Your stone body is resilient. (AC +3)
You are immune to poison.
You resist negative energy. (rN+)
You are resistant to electric shocks. (rElec)
You are resistant to unholy torment.
You are immune to petrification.


Message History

You sock the frilled lizard!
You kill the frilled lizard!
No target in view!
No target in view!
No target in view!
No target in view!
No target in view!
No target in view!
No target in view!
No target in view!
No target in view!
No target in view!
You now have 111 gold pieces (gained 6).
A kobold comes into view. It is wielding a +2 dagger of venom.
The kobold shouts!
Terence the Incautious comes into view.
He is wielding a +2 heavy flail and wearing a +1 scale mail of cold resistance.
There are monsters nearby!
There are monsters nearby!
Found 2 scrolls labelled PYAJECLUEN.
Terence says, "Time to say good-bye..."
The kobold throws a stone.
The stone closely misses you.
The kobold throws a stone.
The stone barely misses you.
The kobold throws a stone.
The stone hits you but does no damage. Terence hits you but does no damage.
Terence attacks as he pursues you! Terence hits you but does no damage.
You block Terence's attack.
You hit Terence but do no damage. Terence hits you with a +2 heavy flail!
Ouch! That really hurt!
You closely miss Terence. Terence hits you with a +2 heavy flail!
* * * LOW HITPOINT WARNING * * *
You sock Terence!
Terence is heavily wounded.
Terence shouts, "Now you die!" Terence hits you with a +2 heavy flail.
* * * LOW HITPOINT WARNING * * *
You hit Terence but do no damage.
Terence is heavily wounded.
Terence hits you with a +2 heavy flail!
You die...
Terence says, "That felt goooood."

#. ?..### #.#
..... #.###....
#.#....# #.#....#
#....### #......#
##########......#
#......@@K.######
#.########.#
#.##########
#..........#
##########.# #.#
#.# #.# #.#


You could see Terence and a kobold.

Vanquished Creatures
  A ribbon worm (D:2)
  A dart slug (D:1)
  5 bats
  6 goblins (D:1)
  3 hobgoblins (D:1)
  3 jackals (D:1)
  A quokka (D:1)
  6 ball pythons
  3 frilled lizards
  2 kobolds (D:1)
  2 rats
33 creatures vanquished.

Notes
Turn   | Place    | Note
-------+----------+-------------------------------------------
     0 | D:1      | Dittersdorf the Gargoyle Fighter began the quest for the
                  | Orb.
     0 | D:1      | Reached XP level 1. HP: 14/14 MP: 1/1
   119 | D:1      | Reached XP level 2. HP: 19/19 MP: 2/2
   454 | D:1      | Reached XP level 3. HP: 16/23 MP: 3/3
   537 | D:1      | Found a faded altar of an unknown god.
  1189 | D:2      | Noticed Terence
  1203 | D:2      | HP: 1/24 [Terence/+2 heavy flail (2)]
  1204 | D:2      | Mangled by Terence

Illustrated notes

Levels and vault maps discovered:
D:1:      elethiomel_arrival_infinity_welcomes_careful_drivers, layout_basic,
          shapermc_ecumenical_altar_acropolis
D:2:      layout_basic, hangedman_decor_push, uniq_terence, uniq_natasha

Action                     || total
---------------------------++-------
  Melee: Flail             ||    96
 Armour: Scale mail        ||   105
  Dodge: Dodged            ||    58
  Block: Buckler           ||    30

Table legend: (Time is in decaauts)
 A = Elapsed time spent in this place.
 B = Non-inter-level travel time spent in this place.
 C = Inter-level travel time spent in this place.
 D = Time resting spent in this place.
 E = Time spent auto-exploring this place.
 F = Levels seen in this place.
 G = Mean time per level.
                   A        B        C        D        E       F      G
               +--------+--------+--------+--------+--------+-----+--------+
         Total |   1234 |   1174 |     60 |     47 |    878 |   2 |  617.0 |
       Dungeon |   1234 |   1174 |     60 |     47 |    878 |   2 |  617.0 |
               +--------+--------+--------+--------+--------+-----+--------+

Top non-repeatable levels by time:
     D:1: 874 daAuts
     D:2: 360 daAuts
